 Dungeon Crawl Stone Soup version 0.31-a0-221-gbddc013574 (webtiles) character file.

Game seed: 10896978120405010593

4825 qw the Cleaver (level 10, -1/64 HPs)
             Began as a Gargoyle Fighter on July 3, 2023.
             Was a Believer of Okawaru.
             Killed by divine providence
             ... invoked by an orc priest
              (14 damage)
             ... on level 9 of the Dungeon.
             The game lasted 00:04:52 (8902 turns).

qw the Cleaver (Gargoyle Fighter)                   Turns: 8902, Time: 00:04:53

Health: -1/64      AC: 21    Str: 24    XL:     10   Next: 49%
Magic:  13/13      EV: 10    Int:  9    God:    Okawaru [**....]
Gold:   85         SH:  6    Dex:  9    Spells: 9/9 levels left

rFire   + . .        Y - +2 broad axe
rCold   . . .        c - +0 buckler
rNeg    + + +        o - +0 chain mail
rPois   inf          (no helmet)
rElec   +            s - +1 cloak "Kinlug" {rF- rN++ Will+++ Slay-6}
rCorr   .            (no gloves)
SInv    .            (no boots)
Will    +++..        i - amulet "Deygaill" {RegenMP rF++} Stlth
                     (no ring)
HPRegen 0.30/turn    (no ring)
MPRegen 0.53/turn

%: no passive effects
@: about to teleport, heroic
A: sickness immunity, AC +7, negative energy resistance 1, electricity
resistance, torment resistance 1, petrification resistance
a: Renounce Religion, Heroism


You were on level 9 of the Dungeon.
You worshipped Okawaru.
Okawaru was pleased with you.
You visited 1 branch of the dungeon, and saw 9 of its levels.
You also visited: Ossuary.

You collected 493 gold pieces.
You spent 408 gold pieces at shops.


Innate Abilities, Weirdness & Mutations

You are immune to sickness and miasma.
Your stone body is resilient. (AC +7)
You are immune to poison.
You resist negative energy. (rN+)
You are resistant to electric shocks. (rElec)
You are resistant to unholy torment.
You are immune to petrification.


   Skills:
 - Level 8.0(13.0) Fighting
 + Level 10.4(15.4) Axes
 - Level 1.0(6.0) Throwing
 - Level 5.7(10.7) Armour
 - Level 1.8(6.8) Dodging
 - Level 5.3(10.3) Shields
 - Level 4.5 Invocations


You had 9 spell levels left.
You didn't know any spells.
Your spell library was empty.

Inventory:

Hand Weapons
 f - a +0 flail
 Y - a +2 broad axe (weapon)
Armour
 c - a +0 buckler (worn)
 o - a +0 chain mail (worn)
 s - the +1 cloak "Kinlug" (worn) {rF- rN++ Will+++ Slay-6}
   (You bought it in a shop on level 7 of the Dungeon)

   Slay:      It affects your accuracy & damage with ranged weapons and melee
   (-6).
   rF:        It makes you vulnerable to fire.
   rN:        It greatly protects you from negative energy.
   Will:      It greatly increases your willpower.
Jewellery
 i - the amulet "Deygaill" (around neck) {RegenMP rF++}
   (You acquired it on level 4 of the Dungeon)

   [amulet of magic regeneration]

   It increases your rate of magic regeneration.
   rF:        It greatly protects you from fire.
 k - a ring of positive energy
Scrolls
 e - a scroll of identify
Potions
 d - 6 potions of might
 g - 3 potions of attraction
 h - 7 potions of curing
 j - 2 potions of magic
 m - a potion of lignification
 n - 3 potions of mutation
 p - a potion of cancellation
 q - a potion of resistance
 r - a potion of enlightenment

Dungeon Overview and Level Annotations

Branches:
Dungeon (9/15)             Temple (0/1) D:4             Orc (0/2) D:9
Ossuary (visited)
   Lair: D:8-11

Altars:
Elyvilon
Makhleb
Okawaru
Ru
Sif Muna
Yredelemnul

Shops:
D:7 *

Annotations:
D:9 Erolcha


Message History

The white imp is almost dead.
You barely miss the orc wizard.
The centaur shoots an arrow.
The arrow barely misses you.
An orc comes into view. It is wielding a +0 dagger.
The orc wizard curses loudly, in orcish tradition.
The white imp gestures at you. The puff of frost misses you.
The orc shouts!
You hit the white imp but do no damage.
The white imp is almost dead.
You closely miss the orc priest. You hit the orc wizard.
The centaur shoots an arrow.
The arrow hits you.
You closely miss the white imp.
The white imp is almost dead.
You slash the orc priest! You barely miss the orc wizard.
The centaur shoots an arrow.
The arrow hits you but does no damage. The white imp gestures at you.
You block the puff of frost. The orc warrior barely misses you.
The orc wizard misses you. The orc priest barely misses you.
The centaur shoots an arrow.
The arrow hits you.
You closely miss the orc priest.
The orc priest is almost dead.
You hit the white imp.
You kill the white imp!
Okawaru accepts your kill.
You slice the orc wizard!!
You kill the orc wizard!
Okawaru accepts your kill. You block the orc warrior's attack.
The orc priest calls down the wrath of Beogh upon you.
Beogh smites you!
The centaur shoots an arrow.
The arrow hits you but does no damage.
8902 ||| READING scroll of teleportation.
As you read the scroll of teleportation, it crumbles to dust.
You feel strangely unstable.
The centaur shoots an arrow.
You block the arrow. The orc warrior closely misses you.
The orc priest mumbles some strange prayers to Beogh against you.
Beogh smites you!
You die...

....#( #.c..#
... #) ##..[.#
.... #.
#.....##.... #.
#..........~
... #.........
~.... #.....o.
~~~~... ##o..o#
~~.~... #.oo@)#
~~.....
.......o.......
.......
....#..........
. ...
#....##...# .
#....# ..#
#....# ..
#....# . #....#


You could see 2 orc warriors, a centaur, 2 orc priests and 2 orcs.

Vanquished Creatures
  A polar bear (D:9)
  Grinder (D:6)
  2 hornets
  2 wyverns (D:8)
  A yak (D:8)
  Eustachio (D:5)
  A water moccasin (D:5)
  A sky beast (D:5)
  3 ice beasts
  A wolf (D:9)
  An ogre (D:5)
  A kobold brigand (D:5)
  3 phantoms
  6 bullfrogs
  2 scorpions
  8 wights
  6 killer bees (D:8)
  A quasit (D:6)
  A centaur zombie (Ossuary)
  5 hounds
  3 jellies
  7 orc priests
  A sleepcap (D:5)
  3 iguanas
  7 orc wizards
  4 ogre zombies (Ossuary)
  8 mummies
  7 gnolls
  6 adders
  6 shadow imps
  10 white imps
  3 ufetubi
  5 adder zombies (Ossuary)
  3 worms
  2 dart slugs
  39 orcs
  3 bats
  12 endoplasms
  9 giant cockroaches
  7 goblins
  9 hobgoblins
  3 quokkas
  6 ball pythons
  5 frilled lizards
  6 goblin zombies (Ossuary)
  3 hobgoblin zombies (Ossuary)
  12 kobolds
  4 kobold zombies (Ossuary)
  4 quokka zombies (Ossuary)
  3 rats
  3 rat zombies (Ossuary)
  A spectral orc (D:4)
252 creatures vanquished.

Vanquished Creatures (others)
  A kobold (D:5)
1 creature vanquished.

Grand Total: 253 creatures vanquished

Notes
Turn   | Place    | Note
-------+----------+-------------------------------------------
     0 | D:1      | qw the Gargoyle Fighter began the quest for the Orb.
     0 | D:1      | Reached XP level 1. HP: 14/14 MP: 1/1
     0 | D:1      | 0 ||| qw: Version: 0.3-a-40-ge99b1a8
     0 | D:1      | 0 ||| qw: Game counter: 622
     0 | D:1      | 0 ||| qw: Melee chars always use a shield: true
     0 | D:1      | 0 ||| qw: God list: Okawaru
     0 | D:1      | 0 ||| qw: Allow faded altars: false
     0 | D:1      | 0 ||| qw: Do Orc after clearing Dungeon:15 true
     0 | D:1      | 0 ||| qw: Do second Lair branch before Depths: true
     0 | D:1      | 0 ||| qw: Lair rune preference: random
     0 | D:1      | 0 ||| qw: Goals: Normal, Zot:1-4, Slime:5, God:TSO, Crypt,
                  | Tomb, Abyss, Pan, Hells, Win
     0 | D:1      | 0 ||| PLANNING D:1-11
    48 | D:1      | 48 ||| Stepping ~*~*~tactically~*~*~ (stealth).
    55 | D:1      | Reached skill level 2 in Axes
    88 | D:1      | Reached XP level 2. HP: 19/19 MP: 2/2
   182 | D:1      | 182 ||| Stepping ~*~*~tactically~*~*~ (hiding).
   311 | D:1      | Reached skill level 3 in Axes
   477 | D:1      | Reached XP level 3. HP: 22/23 MP: 3/3
   756 | D:1      | 756 ||| DROPPING ring of wizardry.
   757 | D:1      | 757 ||| UPGRADING to ring of positive energy.
   758 | D:1      | 758 ||| READING 3 scrolls labelled BOER SEBYSTAUH.
   761 | D:1      | 761 ||| READING 2 scrolls labelled EFIMUA BILE.
   762 | D:1      | 762 ||| DROPPING scroll of fog.
   884 | D:2      | 884 ||| Stepping ~*~*~tactically~*~*~ (stealth).
   946 | D:2      | Reached XP level 4. HP: 28/28 MP: 4/4
  1017 | D:2      | 1017 ||| DROPPING +0 club.
  1059 | D:2      | 1059 ||| Stepping ~*~*~tactically~*~*~ (stealth).
  1275 | D:2      | 1275 ||| READING 2 scrolls labelled GAXODI DOOGYN.
  1276 | D:2      | 1276 ||| READING 2 scrolls labelled DOTRER HAITEA.
  1277 | D:2      | 1277 ||| READING scroll labelled YQUOFO ARUWU.
  1278 | D:2      | 1278 ||| DRINKING 2 fuming silvery potions.
  1279 | D:2      | 1279 ||| DRINKING 2 grey potions.
  1280 | D:2      | 1280 ||| DROPPING scroll of fear.
  1323 | D:3      | Reached skill level 4 in Axes
  1323 | D:3      | 1323 ||| FLEEEEING.
  1324 | D:3      | 1324 ||| FLEEEEING.
  1325 | D:3      | 1325 ||| STAIRDANCE
  1424 | D:3      | 1424 ||| DROPPING +0 whip.
  1523 | D:3      | Found a white marble altar of Elyvilon.
  1576 | D:3      | 1576 ||| READING scroll labelled OQEKHL UNIU.
  1855 | D:3      | Reached XP level 5. HP: 16/32 MP: 5/5
  1863 | D:3      | Reached skill level 5 in Axes
  1912 | D:3      | 1912 ||| Stepping ~*~*~tactically~*~*~ (stealth).
  2082 | D:3      | 2082 ||| Stepping ~*~*~tactically~*~*~ (stealth).
  2083 | D:3      | 2083 ||| Stepping ~*~*~tactically~*~*~ (stealth).
  2163 | D:3      | 2163 ||| UPGRADING to +0 chain mail.
  2173 | D:3      | 2173 ||| DROPPING +0 scale mail.
  2174 | D:3      | 2174 ||| READING 3 scrolls labelled XUSASOONLI.
  2175 | D:3      | 2175 ||| READING scroll labelled YGIECA LABI.
  2192 | D:3      | 2192 ||| DRINKING 2 glowing dark potions.
  2193 | D:3      | 2193 ||| READING 4 scrolls of identify.
  2193 | D:3      | 2193 ||| IDENTIFYING bubbling inky potion
  2194 | D:3      | 2194 ||| READING 3 scrolls of identify.
  2194 | D:3      | 2194 ||| IDENTIFYING black potion
  2195 | D:3      | 2195 ||| READING 2 scrolls of identify.
  2195 | D:3      | 2195 ||| IDENTIFYING lumpy ruby potion
  2196 | D:3      | 2196 ||| DROPPING potion of degeneration.
  2197 | D:3      | 2197 ||| DROPPING 2 scrolls of immolation.
  2230 | D:4      | 2230 ||| Stepping ~*~*~tactically~*~*~ (stealth).
  2238 | D:4      | Reached XP level 6. HP: 14/39 MP: 6/6
  2249 | D:4      | 2249 ||| FLEEEEING.
  2254 | D:4      | 2254 ||| STAIRDANCE
  2519 | D:4      | Found an iron altar of Okawaru.
  2520 | D:4      | 2520 ||| PLANNING OKAWARU WORSHIP
  2520 | D:4      | 2520 ||| READING scroll labelled YSEALY JOLA.
  2526 | D:4      | 2526 ||| Stepping ~*~*~tactically~*~*~ (stealth).
  2531 | D:4      | 2531 ||| Stepping ~*~*~tactically~*~*~ (hiding).
  2662 | D:4      | Became a worshipper of Warmaster Okawaru
  2663 | D:4      | 2663 ||| PLANNING D:1-11
  2930 | D:4      | Found a staircase to the Ecumenical Temple.
  2956 | D:4      | 2956 ||| Stepping ~*~*~tactically~*~*~ (hiding).
  3149 | D:4      | Found a basalt altar of Yredelemnul.
  3601 | D:4      | 3601 ||| READING scroll labelled GUCHUD EXEAS.
  3602 | D:4      | 3602 ||| READING scroll labelled JAACWA RIGODUAN.
  3602 | D:4      | Identified a scroll of acquirement
  3602 | D:4      | 3602 ||| ACQUIRING amulet "Deygaill" {RegenMP rF++}
  3602 | D:4      | Acquired the amulet "Deygaill" {RegenMP rF++}
  3604 | D:4      | 3604 ||| UPGRADING to amulet "Deygaill" {RegenMP rF++}.
  3625 | D:5      | Entered Level 5 of the Dungeon
  3653 | D:5      | 3653 ||| STAIRDANCE
  3657 | D:5      | Noticed an ice beast
  3658 | D:5      | Noticed a water moccasin
  3659 | D:5      | 3659 ||| Stepping ~*~*~tactically~*~*~ (stealth).
  3671 | D:5      | Killed an ice beast
  3672 | D:5      | Reached skill level 6 in Axes
  3672 | D:5      | Reached XP level 7. HP: 24/44 MP: 7/7
  3686 | D:5      | Reached skill level 1 in Dodging
  3886 | D:5      | Reached * piety under Okawaru
  3897 | D:5      | Noticed Eustachio
  3898 | D:5      | 3898 ||| INVOKING Heroism.
  3905 | D:5      | Killed Eustachio
  3906 | D:5      | Reached skill level 7 in Axes
  3950 | D:5      | 3950 ||| STAIRDANCE
  4118 | D:5      | Reached XP level 8. HP: 48/49 MP: 8/8
  4134 | D:5      | 4134 ||| Stepping ~*~*~tactically~*~*~ (hiding).
  4135 | D:5      | 4135 ||| Stepping ~*~*~tactically~*~*~ (hiding).
  4187 | D:5      | 4187 ||| INVOKING Heroism.
  4197 | D:5      | 4197 ||| DRINKING 3 potions of curing.
  4197 | D:5      | 4197 ||| (to cure confusion)
  4198 | D:5      | 4198 ||| INVOKING Heroism.
  4204 | D:5      | Reached skill level 1 in Throwing
  4310 | D:5      | 4310 ||| Stepping ~*~*~tactically~*~*~ (stealth).
  4671 | D:5      | 4671 ||| READING scroll labelled BICKAALABI.
  4672 | D:5      | 4672 ||| READING 2 scrolls of identify.
  4672 | D:5      | 4672 ||| IDENTIFYING fuming dark potion
  4695 | D:6      | 4695 ||| STAIRDANCE
  4717 | D:6      | 4717 ||| STAIRDANCE
  4725 | D:5      | 4725 ||| INVOKING Heroism.
  4726 | D:5      | HP: 10/49 [steam dragon (7)]
  4727 | D:5      | 4727 ||| READING 5 scrolls of teleportation.
  4728 | D:5      | 4728 ||| DRINKING 2 potions of heal wounds.
  4730 | D:5      | Reached skill level 8 in Axes
  4823 | D:6      | 4823 ||| STAIRDANCE
  4890 | D:6      | Reached skill level 1 in Invocations
  4952 | D:6      | 4952 ||| SWAPPING to +0 broad axe.
  4965 | D:6      | Reached skill level 6 in Fighting
  4967 | D:6      | 4967 ||| DROPPING +1 war axe.
  4975 | D:6      | Noticed Grinder
  4976 | D:6      | 4976 ||| Stepping ~*~*~tactically~*~*~ (hiding).
  4978 | D:6      | 4978 ||| INVOKING Heroism.
  4986 | D:6      | Reached skill level 3 in Invocations
  5001 | D:6      | Reached XP level 9. HP: 45/55 MP: 11/11
  5003 | D:6      | 5003 ||| INVOKING Heroism.
  5006 | D:6      | Paralysed by Grinder for 4 turns
  5012 | D:6      | Killed Grinder
  5101 | D:6      | 5101 ||| Stepping ~*~*~tactically~*~*~ (hiding).
  5305 | D:6      | Found a shimmering blue altar of Sif Muna.
  5322 | D:6      | 5322 ||| Stepping ~*~*~tactically~*~*~ (hiding).
  5323 | D:6      | 5323 ||| Stepping ~*~*~tactically~*~*~ (hiding).
  5340 | D:6      | 5340 ||| Stepping ~*~*~tactically~*~*~ (stealth).
  5351 | D:6      | 5351 ||| Stepping ~*~*~tactically~*~*~ (stealth).
  5355 | D:6      | 5355 ||| Stepping ~*~*~tactically~*~*~ (hiding).
  5647 | D:6      | 5647 ||| READING 2 scrolls of identify.
  5647 | D:6      | 5647 ||| IDENTIFYING coppery potion
  5673 | D:7      | 5673 ||| PLANNING OSSUARY
  5700 | D:7      | Found a sacrificial altar of Ru.
  5725 | D:7      | Reached ** piety under Okawaru
  5726 | D:7      | Reached skill level 9 in Axes
  5735 | D:7      | 5735 ||| INVOKING Heroism.
  5810 | D:7      | 5810 ||| FLEEEEING.
  5823 | D:7      | 5823 ||| INVOKING Heroism.
  5829 | D:7      | 5829 ||| Stepping ~*~*~tactically~*~*~ (stealth).
  5901 | D:7      | 5901 ||| Stepping ~*~*~tactically~*~*~ (stealth).
  5931 | D:7      | 5931 ||| INVOKING Heroism.
  6008 | D:7      | 6008 ||| Stepping ~*~*~tactically~*~*~ (stealth).
  6078 | D:7      | Found a burning altar of Makhleb.
  6164 | D:7      | Found a sand-covered staircase.
  6177 | Ossuary  | Entered an ossuary
  6400 | Ossuary  | 6400 ||| Stepping ~*~*~tactically~*~*~ (stealth).
  6624 | Ossuary  | 6624 ||| READING scroll of enchant weapon.
  6624 | Ossuary  | 6624 ||| ENCHANTING +0 broad axe.
  6641 | Ossuary  | 6641 ||| READING scroll of enchant weapon.
  6641 | Ossuary  | 6641 ||| ENCHANTING +1 broad axe.
  6672 | Ossuary  | 6672 ||| READING 4 scrolls of identify.
  6672 | Ossuary  | 6672 ||| IDENTIFYING green potion
  6673 | Ossuary  | 6673 ||| DROPPING potion of brilliance.
  6686 | D:7      | 6686 ||| PLANNING D:1-11
  6871 | D:7      | Found Vulai's Assorted Antiques.
  6874 | D:7      | 6874 ||| BUYING encrusted silver wand (76 gold).
  6874 | D:7      | Bought an encrusted silver wand for 76 gold pieces
  6874 | D:7      | 6874 ||| BUYING faintly humming cloak (180 gold).
  6874 | D:7      | Bought a faintly humming cloak for 180 gold pieces
  6874 | D:7      | Identified the +1 cloak "Kinlug" {rF- rN++ Will+++ Slay-6}
                  | (You bought it in a shop on level 7 of the Dungeon)
  6874 | D:7      | 6874 ||| BUYING potion of magic (152 gold).
  6874 | D:7      | Bought a potion of magic for 152 gold pieces
  6874 | D:7      | 6874 ||| SHOPLISTING scroll of teleportation (57 gold, have
                  | 12).
  6903 | D:7      | 6903 ||| UPGRADING to +1 cloak "Kinlug" {rF- rN++ Will+++
                  | Slay-6}.
  6908 | D:7      | 6908 ||| REMOVING ring of positive energy.
  6909 | D:7      | 6909 ||| READING scroll labelled GEISCH OCEEH.
  6910 | D:7      | 6910 ||| DROPPING wand of mindburst (5).
  6935 | D:8      | Noticed a hornet
  6947 | D:8      | 6947 ||| STAIRDANCE
  6953 | D:7      | 6953 ||| INVOKING Heroism.
  6966 | D:7      | HP: 9/57 [hornet (8)]
  6967 | D:7      | 6967 ||| READING 4 scrolls of teleportation.
  6968 | D:7      | 6968 ||| DRINKING 4 potions of heal wounds.
  7069 | D:7      | 7069 ||| INVOKING Heroism.
  7074 | D:7      | Killed a hornet
  7225 | D:8      | 7225 ||| Stepping ~*~*~tactically~*~*~ (stealth).
  7226 | D:8      | 7226 ||| Stepping ~*~*~tactically~*~*~ (stealth).
  7228 | D:8      | 7228 ||| INVOKING Heroism.
  7258 | D:8      | 7258 ||| INVOKING Heroism.
  7349 | D:8      | 7349 ||| Stepping ~*~*~tactically~*~*~ (stealth).
  7360 | D:8      | Reached skill level 10 in Axes
  7408 | D:8      | Noticed a hornet
  7409 | D:8      | 7409 ||| Stepping ~*~*~tactically~*~*~ (stealth).
  7413 | D:8      | 7413 ||| INVOKING Heroism.
  7418 | D:8      | Reached XP level 10. HP: 38/63 MP: 13/13
  7480 | D:8      | 7480 ||| Stepping ~*~*~tactically~*~*~ (stealth).
  7483 | D:8      | 7483 ||| Stepping ~*~*~tactically~*~*~ (stealth).
  7490 | D:8      | 7490 ||| INVOKING Heroism.
  7602 | D:8      | 7602 ||| Stepping ~*~*~tactically~*~*~ (hiding).
  7604 | D:8      | 7604 ||| Stepping ~*~*~tactically~*~*~ (hiding).
  8074 | D:8      | 8074 ||| READING scroll labelled LAGOTE CYTWY.
  8075 | D:8      | 8075 ||| READING 3 scrolls of identify.
  8075 | D:8      | 8075 ||| IDENTIFYING cyan potion
  8076 | D:8      | 8076 ||| READING 2 scrolls of identify.
  8076 | D:8      | 8076 ||| IDENTIFYING blue potion
  8119 | D:9      | 8119 ||| STAIRDANCE
  8123 | D:8      | 8123 ||| INVOKING Heroism.
  8234 | D:9      | Noticed a death yak
  8235 | D:9      | 8235 ||| STAIRDANCE
  8303 | D:9      | 8303 ||| INVOKING Heroism.
  8314 | D:9      | 8314 ||| STAIRDANCE
  8317 | D:8      | HP: 14/64 [death yak (16)]
  8318 | D:8      | 8318 ||| READING 3 scrolls of teleportation.
  8319 | D:8      | 8319 ||| DRINKING 3 potions of heal wounds.
  8382 | D:8      | 8382 ||| FLEEEEING.
  8402 | D:8      | 8402 ||| FLEEEEING.
  8425 | D:8      | 8425 ||| FLEEEEING.
  8427 | D:8      | 8427 ||| STAIRDANCE
  8505 | D:9      | 8505 ||| STAIRDANCE
  8577 | D:9      | 8577 ||| Stepping ~*~*~tactically~*~*~ (stealth).
  8584 | D:9      | 8584 ||| Stepping ~*~*~tactically~*~*~ (hiding).
  8641 | D:9      | 8641 ||| INVOKING Heroism.
  8651 | D:9      | 8651 ||| FLEEEEING.
  8652 | D:9      | 8652 ||| FLEEEEING.
  8653 | D:9      | 8653 ||| FLEEEEING.
  8654 | D:9      | 8654 ||| FLEEEEING.
  8655 | D:9      | 8655 ||| FLEEEEING.
  8656 | D:9      | 8656 ||| FLEEEEING.
  8657 | D:9      | 8657 ||| FLEEEEING.
  8658 | D:9      | 8658 ||| FLEEEEING.
  8659 | D:9      | 8659 ||| STAIRDANCE
  8770 | D:9      | Found a staircase to the Orcish Mines.
  8884 | D:9      | Noticed Erolcha
  8885 | D:9      | 8885 ||| INVOKING Heroism.
  8892 | D:9      | HP: 10/64 [something (20)]
  8893 | D:9      | 8893 ||| READING 2 scrolls of teleportation.
  8894 | D:9      | 8894 ||| DRINKING 2 potions of heal wounds.
  8896 | D:9      | 8896 ||| DRINKING potion of heal wounds.
  8901 | D:9      | HP: 13/64 [orc priest/divine providence (13)]
  8902 | D:9      | 8902 ||| READING scroll of teleportation.
  8902 | D:9      | Killed from afar by an orc priest

Levels and vault maps discovered:
D:1:      dpeg_arrival_prison, layout_loops_cross
D:2:      layout_rooms, minmay_misc_feat_more_columns
D:3:      layout_basic, nicolae_elyvilon_temple_path
D:4:      layout_basic, yredelemnul_forgotten_temple_becter, old_standard_altar,
          minmay_temple_entry_from_below_a, serial_bayou, serial_bayou_pond_c,
          serial_bayou_pond_b, serial_bayou_shore_a, serial_bayou_crossing,
          chequers_hall_statues_y
D:5:      layout_cave_pods, st_stairs_9, uniq_eustachio
D:6:      layout_rooms, general_overflow_altar, serial_demonic,
          serial_demonic_g, serial_demonic_d, serial_demonic_b,
          serial_demonic_a, serial_demonic_c, hangedman_abyss_or_decor_stagger,
          uniq_grinder
D:7:      layout_cave_pools, mainiacjoe_overflow_chevrons,
          mainiacjoe_overflow_six_doors_small, gup_ossuary_entry_pyramid,
          serial_shops, nicolae_shop_real_fake_doors, hangedman_decor_slide_cut
D:8:      nicolae_hitomezashi [nicolae_hito_row, nicolae_hito_row,
          nicolae_hito_row, nicolae_hito_row, nicolae_hito_row,
          nicolae_hito_row, nicolae_hito_row, nicolae_hito_row,
          nicolae_hito_row, nicolae_hito_row, nicolae_hito_row,
          nicolae_hito_row, nicolae_hito_row, nicolae_hito_row,
          nicolae_hito_row, nicolae_hito_row, nicolae_hito_row,
          nicolae_hito_row], layout_loops_ring
D:9:      layout_gridville, david_orc_5, serial_ice, serial_ice_f, serial_ice_c,
          serial_ice_a, serial_ice_m, serial_ice_h, serial_ice_j, serial_ice_e,
          uniq_erolcha

Skill      XL: |  1  2  3  4  5  6  7  8  9 10 |
---------------+-------------------------------+-----
Axes           | 2 3 4 5 6 7 8 10 | 10.4
Fighting       | 4 5 6 7 8 |  8.0
Dodging        | 1 |  1.8
Throwing       | 1 |  1.0
Invocations    | 3 4 |  4.5
Shields        | 4 5 |  5.3
Armour         | 4 5 |  5.7

Action                     |  1- 3 |  4- 6 |  7- 9 | 10-12 || total
---------------------------+-------+-------+-------+-------++-------
  Melee: War axe           |    85 |   140 |   120 |       ||   345
         Broad axe         |       |       |   290 |   189 ||   479
  Throw: Boomerang         |       |    41 |    46 |       ||    87
 Invoke: Heroism           |       |       |    14 |     5 ||    19
    Use: Scroll            |     2 |    12 |     9 |     6 ||    29
         Potion            |       |     3 |     3 |     3 ||     9
   Stab: Distracted        |       |       |     1 |       ||     1
 Armour: Scale mail        |    40 |    39 |       |       ||    79
         Chain mail        |       |    45 |   245 |   178 ||   468
  Dodge: Dodged            |    24 |    71 |   149 |   109 ||   353
  Block: Buckler           |    11 |    23 |    83 |    72 ||   189

Table legend:
 A = Non-vault XP
 B = Vault XP
 C = Vault XP percentage of total XP
 D = Non-vault monster count
 E = Vault monster count
 F = Vault count percentage of total count
                 A         B        C        D         E       F
            +---------+---------+-------+---------+---------+-------
      Total |    4678 |    2215 |  32.1 |     162 |      90 |  35.7
            +---------+---------+-------+---------+---------+-------
        D:1 |      41 |       3 |   6.8 |      22 |       2 |   8.3
        D:2 |      52 |       0 |   0.0 |      22 |       0 |   0.0
        D:3 |     145 |       0 |   0.0 |      17 |       0 |   0.0
        D:4 |     134 |     108 |  44.6 |      17 |       4 |  19.0
        D:5 |     711 |     464 |  39.5 |      22 |       4 |  15.4
        D:6 |     701 |     428 |  37.9 |      17 |      12 |  41.4
        D:7 |    1008 |      18 |   1.8 |      11 |       1 |   8.3
        D:8 |    1657 |     210 |  11.2 |      28 |       2 |   6.7
        D:9 |     229 |     654 |  74.1 |       6 |      28 |  82.4
    Ossuary |       0 |     330 | 100.0 |       0 |      37 | 100.0
            +---------+---------+-------+---------+---------+-------
